 Dungeon Crawl Stone Soup version 0.22-a0-348-gd16d139 (webtiles) character file.

2 xccam the Thaumaturge (level 1, -1/20 HPs)
             Began as a Gnoll Wanderer on Apr 8, 2018.
             Slain by a kobold
             ... wielding a +1 dagger of protection
              (3 damage)
             ... on level 1 of the Dungeon.
             The game lasted 00:00:13 (52 turns).

xccam the Thaumaturge (Gnoll Wanderer)                Turns: 52, Time: 00:00:14

Health: -1/20      AC:  2    Str: 15    XL:     1   Next: 30%
Magic:  10/10      EV: 11    Int: 13    God:
Gold:   0          SH:  0    Dex: 14    Spells: 18/18 levels left

rFire    . . .     SeeInvis .   b - +0 short sword
rCold    . . .     Gourm    .   (no shield)
rNeg     . . .     Faith    .   e - +0 robe
rPois    .         Spirit   .   (no helmet)
rElec    .         Reflect  .   (no cloak)
rCorr    .         Harm     .   (no gloves)
MR       .....                  (no boots)
Stlth    ++........             (no amulet)
HPRegen  0.06/turn              (no ring)
MPRegen  0.12/turn              (no ring)

@: no status effects
A: distributed training, fangs 1, strong nose
a: no special abilities


You were on level 1 of the Dungeon.
You were not hungry.

You visited 1 branch of the dungeon, and saw 1 of its levels.

Inventory:

Hand Weapons
 b - a +0 short sword (weapon)
 d - a +0 blowgun
Missiles
 c - 13 poisoned needles
Armour
 e - a +0 robe (worn)
Scrolls
 a - a scroll of identify {unknown}
Comestibles
 f - 2 rations


   Skills:
 + Level 4.4 Fighting
 + Level 2.3 Short Blades
 + Level 0.0 Long Blades
 + Level 0.0 Axes
 + Level 0.0 Maces & Flails
 + Level 0.0 Polearms
 + Level 0.0 Staves
 + Level 0.0 Slings
 + Level 0.0 Bows
 + Level 0.0 Crossbows
 + Level 2.3 Throwing
 + Level 0.0 Armour
 + Level 0.0 Dodging
 + Level 2.1 Stealth
 + Level 0.0 Shields
 + Level 0.0 Unarmed Combat
 + Level 9.2 Spellcasting
 + Level 0.0 Conjurations
 + Level 0.0 Hexes
 + Level 0.0 Charms
 + Level 0.0 Summonings
 + Level 0.0 Necromancy
 + Level 1.9 Translocations
 + Level 0.0 Transmutations
 + Level 0.0 Fire Magic
 + Level 0.0 Ice Magic
 + Level 0.0 Air Magic
 + Level 0.0 Earth Magic
 + Level 0.0 Poison Magic
 + Level 0.0 Invocations
 + Level 0.0 Evocations


You had 18 spell levels left.
You didn't know any spells.

Dungeon Overview and Level Annotations

Branches:
Dungeon (1/15)

Altars:


Innate Abilities, Weirdness & Mutations

Your experience applies equally to all skills.
You have very sharp teeth.
Your uncanny sense of smell can sniff out nearby items.


Message History

You are too injured to fight recklessly!
You are too injured to fight recklessly!
There are monsters nearby!
You are too injured to fight recklessly!
There are monsters nearby!
The goblin hits you but does no damage. The kobold closely misses you.
The goblin hits you but does no damage.
The kobold hits you with a dagger of protection.
* * * LOW HITPOINT WARNING * * *
The goblin completely misses you. The kobold barely misses you.
The goblin hits you with a dagger.
* * * LOW HITPOINT WARNING * * *
The kobold hits you but does no damage. The goblin barely misses you.
The kobold closely misses you. The goblin hits you but does no damage.
The kobold closely misses you. The goblin hits you but does no damage.
The kobold misses you. The goblin hits you but does no damage.
The kobold barely misses you. The goblin hits you but does no damage.
The kobold hits you with a dagger of protection.
You die...

............#
........)..#
##........#
##....†.♣# ∆
#.....♣♣
#..(...♣#
##.......#
...####........#
.......@.......#
......gK.......#
..........♣♣..##
..........♣ .##
........... .#
.....♣......
....♣♣♣...###
.... #####


You could see a goblin and a kobold.

Vanquished Creatures
  A giant cockroach (D:1)
  A frilled lizard (D:1)
2 creatures vanquished.

Notes
Turn   | Place    | Note
-------+----------+-------------------------------------------
     0 | D:1      | Reached skill level 9 in Spellcasting
     0 | D:1      | xccam the Gnoll Wanderer began the quest for the Orb.
     0 | D:1      | xccam set off with: a +0 short sword, 13 poisoned needles, a +0 blowgun, a +0 robe, a ration
     0 | D:1      | Reached XP level 1. HP: 20/20 MP: 10/10
    47 | D:1      | HP: 1/20 [goblin/dagger (3)]
    52 | D:1      | Slain by a kobold

Vault maps used:
D:1:      dpeg_arrival_tiny_b, kennysheep_decorative_pillar

Skill      XL: | |
---------------+-+-----
Spellcasting   | |  9.2
Fighting       | |  4.4
Short Blades   | |  2.3
Throwing       | |  2.3
Stealth        | |  2.1
Translocations | |  1.9

Action                   || total
-------------------------++-------
Melee: Short sword       ||     7
Armor: Robe              ||     5
Dodge: Dodged            ||    12

Table legend:
 A = Spawn XP
 B = Non-spawn XP
 C = Spawn XP percentage of total XP
 D = Spawn monster count
 E = Non-spawn monster count
 F = Spawn count percentage of total count
 G = Total turns spent on level
                    A         B        C        D         E        F      G
               +---------+---------+-------+---------+---------+-------+---------
         Total |       0 |       3 |   0.0 |       0 |       2 |   0.0 |    52
               +---------+---------+-------+---------+---------+-------+---------
           D:1 |       0 |       3 |   0.0 |       0 |       2 |   0.0 |    52
               +---------+---------+-------+---------+---------+-------+---------
